cohdb
Replays
Latest Replays
All Replays
Popular Replays
Top Player Replays
Match Explorer
How It Works
Community
CoH3 Stats
Reddit
Sign in to upload your games and track your stats! →
Sign in with Steam
Match 45662537
Unlisted
Match 45662537
Overview
Messages
Build Orders
End
Kradschützen Motorcycle Team
Panzerpioneer Squad
Panzerpioneer Squad
Construct Light Support Kompanie
Fire Support Elements
le.IG 18 Support Gun Team
Panzerjäger Squad
Assault Mechanized Group
2.5-tonne Medical Truck
Selects Panzerjäger Kommand Battlegroup
Selects Mine Fields
Selects Defensive Positions
Panzerjäger Squad
Selects Tank Busters
Forward Retreat Point
Construct Mechanized Kompanie
Selects Butterfly Bomb Drop
Tiger
BulletKin
beyazdis_4
6V
[NL]Party Pimp
RitraXP
Ado
Gems.Arev.43RD
0
0
Comments
sign in to comment!
No comments posted yet!